 Dungeon Crawl Stone Soup version 0.32-a0-12-g7fc57aa741 (webtiles) character file.

Game seed: 14809583701026759118

1176 quinnr the Destroyer (level 8, 0/43 HPs)
             Began as a Tengu Air Elementalist on Jan 14, 2024.
             Slain by an adder (3 damage)
             ... on level 5 of the Dungeon.
             The game lasted 00:09:45 (6216 turns).

quinnr the Destroyer (Tengu Air Elementalist)       Turns: 6216, Time: 00:09:46

Health: 0/43       AC:  2    Str:  9    XL:     8   Next: 41%
Magic:  4/13       EV: 17    Int: 17    God:
Gold:   117        SH:  0    Dex: 15    Spells: 6/13 levels left

rFire   . . .        o - +7 staff of the Meek {protect, meekguard}
rCold   . . .        (shield currently unavailable)
rNeg    . . .        a - +0 robe
rPois   .            l - +0 hat
rElec   .            (no cloak)
rCorr   .            (no gloves)
SInv    .            (boots unavailable)
Will    .....        (no amulet)
Stlth   ++           Z - ring of wizardry
HPRegen 0.27/turn    (no ring)
MPRegen 0.13/turn

%: acrobat, wizardry (x1)
@: lethally poisoned (0 -> -6), flying, very slightly contaminated, studying
Shields
A: beak, talons 3, evasive flight, acrobatic
a: no special abilities


You were on level 5 of the Dungeon.
You visited 1 branch of the dungeon, and saw 6 of its levels.

You collected 192 gold pieces.
You spent 75 gold pieces at shops.


Innate Abilities, Weirdness & Mutations

You have a beak for a mouth.
You have claws for feet.
Your magical flight helps you evade attacks. (EV +4)
You can magically evade attacks while moving or waiting.


   Skills:
 + Level 1.3 Fighting
 - Level 2.0 Staves
 - Level 4.0 Dodging
 - Level 3.0 Stealth
 + Level 3.1 Spellcasting
 + Level 8.1 Conjurations
 + Level 5.1 Air Magic
 - Level 4.0 Alchemy


You had 6 spell levels left.
You knew the following spells:

 Your Spells              Type           Power      Damage    Failure   Level
f - Fulminant Prism       Conj/Alch      11%        3d8       6%          4
t - Static Discharge      Conj/Air       50%        3-6/arc   1%          2
z - Shock                 Conj/Air       100%       1d9       1%          1

Your spell library contained the following spells:

 Spells                   Type           Power      Damage    Failure   Level
 Swiftness                Air            20%        N/A       2%          3
 Hailstorm                Conj/Ice       16%        3d6       4%          3
 Airstrike                Air            10%        2d(2-18)  9%          4
 Iskenderun's Mystic Bla  Conj/Tloc      16%        2d5       13%         4
 Call Canine Familiar     Summ           2%         N/A       21%         3
 Fugue of the Fallen      Necr           2%         N/A       21%         3
 Sigil of Binding         Hex            2%         N/A       21%         3
 Summon Ice Beast         Ice/Summ       2%         N/A       21%         3
 Volatile Blastmotes      Fire/Tloc      4%         2d10      21%         3
 Sticky Flame             Fire/Alch      9%         2d5       28%         4
 Dimensional Bullseye     Hex/Tloc       1%         N/A       52%         4
 Yara's Violent Unravell  Hex/Alch       4%         3d4       61%         5
 Curse of Agony           Necr           2%         N/A       86%         5
 Sculpt Simulacrum        Ice/Alch       4%         N/A       98%         6

Inventory:

Hand Weapons
 h - a +1 dagger of freezing
 o - the +7 staff of the Meek (weapon) {protect, meekguard}
   (You found it on level 2 of the Dungeon)
Missiles
 b - 2 throwing nets {=f}
Armour
 a - a +0 robe (worn)
 l - a +0 hat (worn)
Jewellery
 v - the ring "Plog" {*Slow Int+3 Dex+6}
   (You found it on level 4 of the Dungeon)

   [ring of dexterity]

   Int+3:     It affects your intelligence (+3).
   Dex+6:     It affects your dexterity (+6).
   *Slow:     It may slow you when you take damage.
 Z - a ring of wizardry (left hand)
Wands
 x - a wand of digging (4)
Scrolls
 d - a scroll of vulnerability {unknown}
 e - 2 scrolls of blinking {unknown}
 f - a scroll of poison
 g - 3 scrolls of enchant weapon {unknown}
 i - a scroll of immolation {unknown}
 p - a scroll of identify {unknown}
 s - a scroll of silence {unknown}
 t - 2 scrolls of revelation
 w - a scroll of fog {unknown}
 y - a scroll of torment {unknown}
Potions
 c - a potion of curing {unknown}
 j - a potion of enlightenment {unknown}
 k - a potion of haste {unknown}
 m - a potion of mutation {unknown}
 n - a potion of attraction {unknown}
 q - a potion of invisibility {unknown}
 r - 2 potions of heal wounds {@q2}
 u - a potion of might
 z - a potion of cancellation {unknown}

Dungeon Overview and Level Annotations

Branches:
Dungeon (6/15)
 Temple: D:4-7

Altars:
Ashenzari
Gozag
Hepliaklqana
Okawaru
Sif Muna
Trog
Uskayaw
Yredelemnul
Zin

Shops:
D:4 *

Annotations:
D:4 3 runed translucent doors, Sirjeffry24's ghost, amateur HOMo

###................)).##.
##)##)##..........####.
##[...............###.
#......###........#.#)
###..### #..........).
#...# #.....)....##
##..####......#...##
##..........##.##.###
#..)@K.........#....#
#..Sh................
#........#######.....
##.#.....#▒▒▒▒▒#####.
###....##▒^▒.▒▒####.
##....#▒.^^^▒#.##.
#####..#▒⚑...'.....
###..###.#▒^^^^▒#...#
#......#.#▒.▒^▒▒#...#


You could see a kobold brigand, a hound and an adder.


Message History

Casting: Static Discharge (safe; 1% risk of failure)
Confirm with . or Enter, or press ? or * to list all spells.
You miscast Static Discharge.
You are very lightly contaminated with residual magic.
Nothing appears to happen.
You feel sick. The hound bites you.
* * * LOW HITPOINT WARNING * * *
The adder bites you.
* * * LOW HITPOINT WARNING * * *
The kobold brigand hits you with a +0 short sword!
* * * LOW HITPOINT WARNING * * *
The hound bites you but does no damage.
Unknown command.
Unknown command.
Unknown command.
You closely miss the adder.
The adder is almost dead.
You feel sick.
You are no longer poisoned.
The adder barely misses you. The hound bites you.
* * * LOW HITPOINT WARNING * * *
The kobold brigand barely misses you.
Unknown command.
Unknown command.
You miss the adder.
The adder is almost dead.
The hound misses you. The adder bites you.
* * * LOW HITPOINT WARNING * * *
You are lethally poisoned!
The adder poisons you! The hound misses you. The adder bites you.
You die...

Skill      XL: |  1  2  3  4  5  6  7  8 |
---------------+-------------------------+-----
Conjurations   | 2 3 4 6 8 |  8.1
Spellcasting   | 3 |  3.1
Air Magic      | 5 |  5.1
Alchemy        | 1 3 4 |  4.0
Fighting       | 1 |  1.3
Stealth        | 3 |  3.0
Dodging        | 4 |  4.0
Staves         | 1 2 |  2.0

Action                     |  1- 3 |  4- 6 |  7- 9 || total
---------------------------+-------+-------+-------++-------
  Melee: Quarterstaff      |       |     2 |    18 ||    20
         Kick              |       |     1 |     3 ||     4
         Peck              |       |       |     4 ||     4
   Cast: Shock             |    98 |   105 |   104 ||   307
         Static Discharge  |     1 |     5 |     8 ||    14
         Fulminant Prism   |       |       |     1 ||     1
    Use: Scroll            |     1 |       |     2 ||     3
         Potion            |       |       |     3 ||     3
 Armour: Robe              |     4 |    15 |    27 ||    46
  Dodge: Dodged            |    12 |    15 |    36 ||    63

Levels and vault maps discovered:
D:1:      kb_arrival_jail, layout_basic, nicolae_ecumenical_snake_handling,
          serial_park_tiny_2, chequers_mini_garden
D:2:      layout_basic, roderic_roman_lattice, serial_bayou_lagoon_a,
          lexackson_kobold_supper, uniq_crazy_yiuf_cottage
D:3:      layout_loops_ring
D:4:      layout_loops_cross, nicolae_uskayaw_murder_on_the_dancefloor,
          lemuel_tele_altar, mainiacjoe_overflow_alcove_2, led_sif_pool,
          chequers_temple_overflow_minitemple, gammafunk_ghost_split,
          serial_shops, shop
D:5:      layout_cave_pools, general_overflow_altar,
          yredelemnul_forgotten_temple_becter, pf_guarded_unrand_woodcutter
D:6:      minmay_chambers_of_fours, layout_cave_pools,
          mainiacjoe_overflow_surrounded_room, minmay_temple_entry_butterflies,
          minivault_22

Notes
Turn   | Place    | Note
-------+----------+-------------------------------------------
     0 | D:1      | quinnr the Tengu Air Elementalist began the quest for the
                  | Orb.
     0 | D:1      | Reached XP level 1. HP: 10/10 MP: 4/4
     2 | D:1      | Noticed an oni
     2 | D:1      | Noticed a demonspawn
     4 | D:1      | Noticed a felid
     4 | D:1      | Noticed a troll
     6 | D:1      | Noticed a minotaur
     8 | D:1      | Noticed a djinni
    10 | D:1      | Noticed a naga
    10 | D:1      | Noticed a demigod
    12 | D:1      | Noticed a merfolk
    14 | D:1      | Noticed a spriggan
    14 | D:1      | Noticed a ghoul
    16 | D:1      | Noticed an elf
    16 | D:1      | Noticed an armataur
    18 | D:1      | Noticed a vine stalker
    18 | D:1      | Noticed a formicid
    20 | D:1      | Noticed a tengu
    20 | D:1      | Noticed a draconian
    22 | D:1      | Noticed a barachi
    22 | D:1      | Noticed a gargoyle
    24 | D:1      | Noticed an octopode
    24 | D:1      | Noticed a vampire
    26 | D:1      | Noticed a human
   329 | D:1      | Reached skill level 2 in Conjurations
   345 | D:1      | Reached XP level 2. HP: 15/15 MP: 3/6
   430 | D:1      | Found a faded altar of an unknown god.
   998 | D:1      | Learned a level 2 spell: Static Discharge
  1059 | D:1      | Reached XP level 3. HP: 19/19 MP: 2/7
  1610 | D:2      | Reached skill level 3 in Conjurations
  2006 | D:2      | Found the +7 staff of the Meek {protect, meekguard}
  2307 | D:3      | Reached skill level 3 in Spellcasting
  2307 | D:3      | Reached XP level 4. HP: 21/24 MP: 1/9
  2444 | D:3      | Learned a level 4 spell: Fulminant Prism
  2957 | D:4      | Found a glowing silver altar of Zin.
  2983 | D:4      | Found a runed translucent gate.
  2984 | D:4      | Found a runed translucent gate.
  2984 | D:4      | Identified the ring "Plog" {*Slow Int+3 Dex+6}
  2989 | D:4      | Found a runed translucent gate.
  2989 | D:4      | Noticed a wyvern
  2989 | D:4      | Noticed Sirjeffry24's ghost (amateur HOMo)
  3013 | D:4      | Reached skill level 4 in Conjurations
  3013 | D:4      | Reached skill level 5 in Air Magic
  3013 | D:4      | Reached skill level 1 in Alchemy
  3013 | D:4      | Reached XP level 5. HP: 28/28 MP: 0/10
  3119 | D:4      | Reached skill level 2 in Alchemy
  3187 | D:4      | Found a broken altar of Ashenzari.
  3224 | D:4      | Reached skill level 3 in Alchemy
  3224 | D:4      | Reached XP level 6. HP: 33/33 MP: 6/11
  3403 | D:4      | Found a shimmering blue altar of Sif Muna.
  3458 | D:4      | Reached skill level 1 in Fighting
  3530 | D:4      | Reached skill level 3 in Stealth
  3660 | D:4      | Found Cuziwki's General Store.
  3665 | D:4      | Bought a scroll of revelation for 75 gold pieces
  3705 | D:4      | Got the Octavo of Intoxication and Ectoplasm
  3751 | D:4      | Found a bloodstained altar of Trog.
  3751 | D:4      | Found a faded altar of an unknown god.
  3759 | D:4      | Found an opulent altar of Gozag.
  3761 | D:4      | Found a faded altar of an unknown god.
  3797 | D:4      | Found an iron altar of Okawaru.
  3931 | D:4      | Reached skill level 3 in Dodging
  4018 | D:4      | Found a hide-covered altar of Uskayaw.
  4500 | D:5      | Entered Level 5 of the Dungeon
  4725 | D:5      | Reached skill level 4 in Dodging
  4725 | D:5      | Reached skill level 1 in Staves
  4725 | D:5      | Gained mutation: Your magical flight helps you evade
                  | attacks. (EV +4) [Tengu growth]
  4725 | D:5      | Reached XP level 7. HP: 34/38 MP: 4/12
  4882 | D:5      | Reached skill level 2 in Staves
  4882 | D:5      | Reached skill level 5 in Conjurations
  5084 | D:5      | Reached skill level 6 in Conjurations
  5334 | D:5      | Reached XP level 8. HP: 43/43 MP: 10/13
  5384 | D:5      | Reached skill level 7 in Conjurations
  5424 | D:5      | Reached skill level 4 in Alchemy
  5608 | D:5      | Found a basalt altar of Yredelemnul.
  5714 | D:5      | Reached skill level 8 in Conjurations
  5815 | D:5      | Found a hazy altar of Hepliaklqana.
  6216 | D:5      | HP: 3/43 [adder (4)]
  6216 | D:5      | Slain by an adder

Vanquished Creatures
  A black bear (D:5)
  2 ogres (D:5)
  A weeping skull (D:5)
  A gnoll sergeant (D:5)
  2 scorpions
  A howler monkey (D:5)
  4 hounds
  A bombardier beetle (D:4)
  3 orc priests (D:5)
  2 gnoll boudas
  2 orc wizards (D:5)
  16 gnolls
  3 adders
  A dart slug (D:4)
  15 orcs
  5 endoplasms
  5 giant cockroaches
  7 goblins
  5 hobgoblins
  11 kobolds
  3 quokkas
  10 ball pythons
  3 bats (D:1)
  8 frilled lizards
  6 rats
  A spectral orc (D:5)
119 creatures vanquished.

Vanquished Creatures (others)
  A fulminant prism (D:5)
1 creature vanquished.

Grand Total: 120 creatures vanquished

Table legend: (Time is in decaauts)
 A = Elapsed time spent in this place.
 B = Non-inter-level travel time spent in this place.
 C = Inter-level travel time spent in this place.
 D = Time resting spent in this place.
 E = Time spent auto-exploring this place.
 F = Levels seen in this place.
 G = Mean time per level.
                   A        B        C        D        E       F      G
               +--------+--------+--------+--------+--------+-----+--------+
         Total |   6228 |   5818 |    410 |    205 |   4833 |   6 | 1038.0 |
       Dungeon |   6228 |   5818 |    410 |    205 |   4833 |   6 | 1038.0 |
               +--------+--------+--------+--------+--------+-----+--------+

Top non-repeatable levels by time:
     D:5: 1636 daAuts
     D:1: 1413 daAuts
     D:4: 1267 daAuts
     D:3: 1039 daAuts
     D:2: 866 daAuts
     D:6: 5 daAuts

Table legend:
 A = Non-vault XP
 B = Vault XP
 C = Vault XP percentage of total XP
 D = Non-vault monster count
 E = Vault monster count
 F = Vault count percentage of total count
                 A         B        C        D         E       F
            +---------+---------+-------+---------+---------+-------
      Total |    1287 |     393 |  23.4 |      95 |      24 |  20.2
            +---------+---------+-------+---------+---------+-------
        D:1 |      38 |       1 |   2.6 |      25 |       1 |   3.8
        D:2 |      27 |      11 |  28.9 |      10 |       8 |  44.4
        D:3 |      39 |       0 |   0.0 |      14 |       0 |   0.0
        D:4 |     390 |       0 |   0.0 |      20 |       0 |   0.0
        D:5 |     792 |     381 |  32.5 |      25 |      15 |  37.5
        D:6 |       1 |       0 |   0.0 |       1 |       0 |   0.0
            +---------+---------+-------+---------+---------+-------

Levels and vault maps discovered:
D:1:      kb_arrival_jail, layout_basic, nicolae_ecumenical_snake_handling,
          serial_park_tiny_2, chequers_mini_garden
D:2:      layout_basic, roderic_roman_lattice, serial_bayou_lagoon_a,
          lexackson_kobold_supper, uniq_crazy_yiuf_cottage
D:3:      layout_loops_ring
D:4:      layout_loops_cross, nicolae_uskayaw_murder_on_the_dancefloor,
          lemuel_tele_altar, mainiacjoe_overflow_alcove_2, led_sif_pool,
          chequers_temple_overflow_minitemple, gammafunk_ghost_split,
          serial_shops, shop
D:5:      layout_cave_pools, general_overflow_altar,
          yredelemnul_forgotten_temple_becter, pf_guarded_unrand_woodcutter
D:6:      minmay_chambers_of_fours, layout_cave_pools,
          mainiacjoe_overflow_surrounded_room, minmay_temple_entry_butterflies,
          minivault_22
